Map: Dämmertürme

Players

CHDD

  • Race: Protoss Protoss
  • League: Master

SicParvMagna - Winner!

  • Race: Zerg Zerg

VOD

Have the link to the VOD?

Description

Time

  • Played on: May 30, 2016, 5:45 a.m.
  • Length: 11:39
Show
View Real Time Build Order
Export as new Build Order

CHDD Protoss 

Build Orders: 1 Gate Expand, Double Forge 

Get SALT Encoding   

  12  0:01  Probe (Chrono Boost)  
  13  0:11  Probe (Chrono Boost)  
  14  0:17  Pylon  
  14  0:22  Probe (Chrono Boost)  
  15  0:36  Probe (Chrono Boost)  
  15  0:38  Gateway  
  16  0:46  Probe (Chrono Boost)  
  16  0:47  Assimilator  
  18  0:57  Probe (Chrono Boost)  
  18  1:07  Probe (Chrono Boost)  
  19  1:22  Nexus  
  19  1:27  Probe (Chrono Boost)  
  20  1:35  Cybernetics Core  
  20  1:38  Probe (Chrono Boost)  
  21  1:44  Assimilator  
  21  1:48  Probe (Chrono Boost)  
  22  2:00  Pylon  
  22  2:01  Probe (Chrono Boost)  
  23  2:12  Warp Gate  
  23  2:18  Probe  
  23  2:19  Stalker (Chrono Boost)  
  26  2:30  Probe  
  26  2:36  Probe  
  27  2:42  Probe  
  29  2:45  Adept (Chrono Boost)  
  29  2:47  Probe  
  32  2:54  Probe  
  32  2:56  Mothership Core  
  35  3:06  Probe  
  35  3:08  Gateway, Sentry (Chrono Boost)  
  35  3:10  Gateway  
  38  3:16  Probe  
  38  3:19  Probe (Chrono Boost)  
  40  3:21  Forge  
  40  3:28  Probe (Chrono Boost)  
  40  3:31  Probe (Chrono Boost)  
  42  3:39  Probe (Chrono Boost)  
  43  3:41  Probe (Chrono Boost)  
  44  3:49  Probe (Chrono Boost)  
  44  3:52  Probe (Chrono Boost)  
  46  3:56  Nexus  
  46  3:58  Protoss Ground Weapons Level 1  
  46  3:59  Pylon  
  46  4:05  Pylon  
  46  4:18  Pylon, Probe x2 (Chrono Boost)  
  48  4:26  Sentry x2  
  48  4:28  Probe x2 (Chrono Boost), Adept  
  56  4:33  Assimilator  
  56  4:36  Assimilator  
  56  4:39  Probe x2 (Chrono Boost)  
  56  4:40  Forge  
  56  4:42  Twilight Council  
  58  4:47  Pylon  
  58  4:49  Probe x2 (Chrono Boost)  
  60  4:57  Stalker x2  
  66  5:00  Probe x2 (Chrono Boost)  
  66  5:01  Pylon  
  66  5:04  Stalker  
  68  5:10  Probe x2 (Chrono Boost)  
  70  5:16  Robotics Facility  
  70  5:21  Probe x2 (Chrono Boost)  
  72  5:22  Resonating Glaives  
  72  5:24  Probe (Chrono Boost)  
  73  5:29  Stalker  
  73  5:30  Stalker  
  73  5:31  Probe x2 (Chrono Boost)  
  73  5:35  Probe (Chrono Boost)  
  80  5:42  Probe x2 (Chrono Boost)  
  82  5:45  Pylon  
  82  5:49  Probe (Chrono Boost)  
  83  5:54  Stargate  
  83  6:04  Probe x2 (Chrono Boost), Warp Prism (Chrono Boost)  
  83  6:10  Gateway  
  83  6:11  Photon Cannon  
  87  6:15  Protoss Ground Weapons Level 2 (Chrono Boost)  
  87  6:16  Gateway  
  87  6:17  Gateway, Photon Cannon  
  87  6:20  Adept x3  
  87  6:22  Probe  
  87  6:23  Probe  
  87  6:24  Probe  
  96  6:29  Photon Cannon  
  96  6:34  Probe x2  
  96  6:36  Probe  
  96  6:38  Gateway  
  96  6:39  Gateway  
  100  6:48  Templar Archives  
  100  6:51  Pylon  
  100  6:54  Pylon  
  100  7:16  Adept  
  100  7:17  Pylon, Adept x2  
  100  7:19  Pylon  
  100  7:21  Pylon  
  104  7:29  Pylon  
  104  7:30  Pylon  
  104  7:32  Pylon  
  104  7:34  Pylon  
  104  7:38  Observer, Probe  
  104  7:39  Pylon  
  104  7:40  Probe  
  104  7:41  Pylon  
  104  7:42  Assimilator  
  106  7:45  Assimilator  
  106  7:55  Adept  
  106  7:56  Adept x3  
  114  7:58  Zealot  
  114  8:05  High Templar x2  
  120  8:10  Archon  
  120  8:13  Immortal  
  120  8:16  High Templar  
  124  8:30  High Templar x2  
  124  8:31  High Templar  
  124  8:32  High Templar x2  
  134  8:35  Archon  
  134  8:36  Archon x2  
  134  8:39  Zealot  
  134  8:40  Zealot  
  138  8:48  Pylon  
  138  8:50  Photon Cannon  
  138  8:54  Protoss Ground Armor Level 1 (Chrono Boost)  
  138  8:56  Nexus  
  138  8:58  Pylon, Forge  
  138  8:59  Zealot  
  138  9:00  Pylon  
  140  9:05  Adept  
  140  9:06  Adept x5  
  140  9:07  Adept  
  154  9:21  High Templar  
  156  9:36  High Templar  
  156  9:37  High Templar x2, Zealot x2  
  156  9:38  Zealot x2  
  170  9:41  Archon  
  170  9:42  Archon  
  170  9:57  Twilight Council  
Show
View Real Time Build Order
Export as new Build Order

SicParvMagna Zerg - Winner!

Build Orders: Hatch First 

Get SALT Encoding   

  12  0:02  Drone  
  13  0:14  Overlord  
  13  0:18  Drone  
  14  0:33  Drone x2  
  16  0:37  Drone  
  17  0:54  Hatchery  
  16  1:00  Drone x2  
  18  1:14  Spawning Pool  
  18  1:16  Drone  
  18  1:21  Extractor, Drone  
  18  1:32  Drone  
  19  1:47  Overlord  
  19  1:55  Drone  
  19  2:00  Queen  
  22  2:05  Zergling x2  
  22  2:06  Queen  
  22  2:07  Drone  
  26  2:13  Drone  
  27  2:19  Drone  
  28  2:25  Drone  
  28  2:27  Metabolic Boost  
  29  2:36  Hatchery  
  28  2:37  Drone  
  29  2:44  Queen  
  29  2:48  Drone  
  29  2:50  Drone  
  33  2:54  Overlord  
  33  3:02  Queen  
  33  3:03  Drone  
  37  3:12  Drone  
  37  3:13  Drone x3  
  37  3:14  Drone  
  37  3:16  Drone  
  37  3:18  Drone  
  44  3:20  Drone  
  44  3:31  Spore Crawler  
  44  3:33  Overlord  
  43  3:34  Overlord  
  43  3:38  Evolution Chamber  
  42  3:41  Drone x2  
  44  3:49  Drone x2  
  44  3:50  Queen  
  44  3:52  Drone  
  44  3:54  Drone x3  
  44  3:55  Drone  
  53  3:57  Drone  
  53  4:01  Drone  
  53  4:02  Drone  
  56  4:04  Zerg Melee Weapons Level 1  
  55  4:14  Drone x4  
  55  4:15  Drone x2  
  61  4:25  Drone x3  
  61  4:30  Lair  
  64  4:32  Extractor, Drone  
  64  4:33  Hatchery, Drone  
  64  4:35  Overlord  
  64  4:46  Overlord  
  64  4:49  Drone  
  64  4:52  Extractor x2  
  64  4:54  Extractor x2  
  64  4:57  Drone  
  64  4:58  Drone x7  
  69  5:01  Overlord  
  69  5:07  Hatchery  
  69  5:08  Drone x6  
  69  5:10  Baneling Nest  
  73  5:28  Drone x3  
  76  5:30  Overlord  
  76  5:33  Zergling x2  
  76  5:34  Zergling x18  
  86  5:43  Zergling x2  
  86  5:44  Zergling x4  
  89  5:53  Evolution Chamber, Hydralisk Den  
  89  5:55  Centrifical Hooks  
  89  5:56  Zergling x2  
  88  5:57  Zergling x14  
  88  5:58  Zerg Missile Weapons Level 1  
  95  6:07  Drone  
  95  6:08  Drone x6  
  102  6:16  Overlord  
  102  6:17  Drone  
  103  6:19  Zerg Melee Weapons Level 2  
  103  6:22  Drone x2  
  103  6:23  Zergling x2  
  103  6:24  Zergling x6  
  109  6:25  Overlord  
  109  6:26  Overlord  
  109  6:30  Baneling  
  109  6:31  Baneling x9  
  109  6:32  Overlord  
  109  6:34  Drone  
  109  6:35  Overlord  
  109  6:39  Overlord  
  110  6:53  Hatchery  
  108  6:56  Zergling x8  
  108  6:57  Zergling x22  
  111  7:10  Baneling x2  
  104  7:18  Hydralisk, Zergling x2  
  104  7:19  Hydralisk x10, Zergling x2  
  123  7:31  Hydralisk  
  123  7:32  Hydralisk x5  
  135  7:43  Baneling  
  135  7:44  Baneling x13  
  135  7:46  Lurker Den, Hydralisk  
  135  7:47  Hydralisk x2  
  141  7:54  Zergling x14  
  148  8:01  Zerg Missile Weapons Level 2  
  148  8:03  Zergling x18  
  157  8:12  Overlord  
  157  8:16  Drone  
  157  8:17  Drone x3, Overlord  
  161  8:20  Overlord  
  161  8:21  Extractor  
  161  8:22  Extractor  
  157  8:28  Drone x2  
  157  8:32  Spire  
  156  8:36  Drone x3  
  156  8:37  Overlord  
  156  8:40  Overlord  
  156  8:41  Hydralisk x8, Infestation Pit  
  174  8:52  Overlord  
  174  8:57  Overlord  
  174  9:01  Overlord  
  174  9:06  Baneling x6  
  174  9:07  Baneling x13  
  174  9:08  Zergling x6  
  174  9:09  Zergling x16  
  185  9:25  Pneumatized Carapace  
  185  9:30  Zergling x30  
  200  9:39  Baneling  
  200  9:40  Baneling x18  
  200  9:48  Overlord  
  200  9:56  Spine Crawler  
  200  9:57  Spine Crawler  
  159  10:07  Zergling x16  
  159  10:08  Zergling x28  
  172  10:14  Overlord  
  172  10:19  Overlord  
  172  10:29  Overlord  
  172  10:30  Overlord  
  172  10:46  Zergling x22  
  172  10:47  Zergling x14  
  172  10:50  Drone x2  
  172  10:52  Drone  
  172  11:06  Drone x2  
  172  11:07  Drone x2  
  172  11:08  Drone x3  
Tags
 
Add a new tag
Caveats
  • Supply blocks, unpowered buildings, or Contaminate may cause inaccurate times.
  • Supply counts are checked every 10 seconds.